 Dungeon Crawl Stone Soup version 0.29.1-14-g9c671dbff4 (webtiles) character file.

Game seed: 1251375602413733132

6960 croobank the Covert (level 11, -3/75 HPs)
             Began as an Octopode Delver on Feb 14, 2023.
             Was an Initiate of Gozag.
             Slain by a wraith (12 damage)
             ... led by Josephine
             ... on level 10 of the Dungeon.
             The game lasted 00:43:54 (12715 turns).

croobank the Covert (Octopode Delver)              Turns: 12715, Time: 00:43:54

Health: -3/75      AC:  1    Str: 15    XL:     11   Next: 7%
Magic:  20/28      EV: 22    Int: 22    God:    Gozag
Gold:   498        SH:  5    Dex: 23    Spells: 15/21 levels left

rFire   . . .      SeeInvis .   N - +1 falchion of Unpleasantness {venom, Str+3 Dex+3}
rCold   . . .      Faith    .   (no shield)
rNeg    . . .      Spirit   .   (helmet restricted)
rPois   .          Reflect  +   y - amulet of reflection
rElec   .          Harm     .   n - +6 ring of dexterity
rCorr   .          Rampage  .   I - +6 ring of intelligence
Will    .....                   t - ring of magical power
Stlth   ++++++....              R - +4 ring of evasion
HPRegen 0.22/turn               (no ring)
MPRegen 0.21/turn               (no ring)
                                (no ring)
                                (no ring)

@: slowed, very slow
A: almost no armour, amphibious, 8 rings, camouflage 1, gelatinous body 1,
(nimble swimmer 1), tentacles
a: Renounce Religion, Potion Petition, Call Merchant, Bribe Branch


You were on level 10 of the Dungeon.
You worshipped Gozag.
Gozag was aware of your devotion.
You visited 2 branches of the dungeon, and saw 11 of its levels.
You also visited: Bailey.

You collected 1439 gold pieces.
You spent 842 gold pieces at shops.
You paid 99 gold pieces to Gozag.

Inventory:

Hand Weapons
 a - a +1 vorpal hand axe
 h - a +2 dagger of freezing
 i - a +0 great sword
 r - a +1 whip of electrocution
 v - a +0 trident
 H - a +0 war axe
 K - a +3 hand axe
 M - a +4 broad axe
 N - the +1 falchion of Unpleasantness (weapon) {venom, Str+3 Dex+3}
   (You found it in a bailey)

   It poisons the flesh of those it strikes.
   Str:       It affects your strength (+3).
   Dex:       It affects your dexterity (+3).
Missiles
 l - 35 poisoned darts (quivered)
 F - 29 boomerangs
Magical Staves
 x - a staff of fire
Jewellery
 n - a +6 ring of dexterity (left tentacle)
 t - a ring of magical power (on tentacle)
 y - an amulet of reflection (around mantle)
 I - a +6 ring of intelligence (right tentacle)
 R - a +4 ring of evasion (on tentacle)
 S - an amulet of magic regeneration
 U - a ring of protection from fire
Wands
 f - a wand of digging (3)
 w - a wand of roots (11)
 B - a wand of paralysis (10)
 J - a wand of polymorph (10)
Scrolls
 b - 3 scrolls of fog
 d - 4 scrolls of fear
 k - 3 scrolls of vulnerability
 q - 2 scrolls of poison
 u - 5 scrolls of teleportation
 D - a scroll of immolation
 E - 3 scrolls of amnesia
 O - a scroll of acquirement
 Q - a scroll of magic mapping
 V - 3 scrolls of torment {unknown}
Potions
 c - 4 potions of heal wounds
 e - 2 potions of haste
 g - a potion of mutation
 j - 3 potions of cancellation
 m - a potion of might
 o - 4 potions of invisibility
 p - 3 potions of curing
 s - 2 potions of attraction
 z - a potion of brilliance
 A - a potion of lignification
 C - a potion of magic
 G - 2 potions of flight
 L - a potion of experience {unknown}
 P - 2 potions of resistance {unknown}
Miscellaneous
 T - a condenser vane


   Skills:
 + Level 7.1 Fighting
 + Level 6.7 Axes
 + Level 6.6 Dodging
 + Level 11.2 Stealth
 + Level 5.8 Spellcasting
 + Level 5.1 Hexes
 + Level 6.4 Summonings


You had 15 spell levels left.
You knew the following spells:

 Your Spells              Type           Power      Damage    Failure   Level
a - Call Canine Familiar  Summ           34%        N/A       1%          3
b - Summon Guardian Gole  Hex/Summ       31%        N/A       2%          3

Your spell library contained the following spells:

 Spells                   Type           Power      Damage    Failure   Level
 Summon Small Mammal      Summ           100%       N/A       1%          1
 Poisonous Vapours        Pois/Air       12%        N/A       14%         2
 Malign Gateway           Summ/Tloc      10%        N/A       100%        7
 Orb of Destruction       Conj           3%         9d5       100%        7
 Spellforged Servitor     Conj/Summ      10%        N/A       100%        7
 Summon Horrible Things   Summ           17%        N/A       100%        8
 Corpse Rot               Necr/Pois/Air  Unusable   N/A       N/A         4

Dungeon Overview and Level Annotations

Branches:
Dungeon (10/15)            Temple (1/1) D:6            Lair (0/5) D:9
    Orc (0/2) D:9          Bailey (visited)

Altars:
Ashenzari
Cheibriados
Dithmenos
Elyvilon
Fedhas
Gozag
Hepliaklqana
Kikubaaqudgha
Makhleb
Nemelex Xobeh
Qazlal
Ru
Sif Muna
Trog
Uskayaw
Wu Jian
Yredelemnul
Zin
The Shining One

Shops:
D:3 [   D:6 *=   D:7 !

Annotations:
D:10 1 runed translucent door


Innate Abilities, Weirdness & Mutations

You cannot wear most types of armour.
You are amphibious.
You can wear up to eight rings at the same time.
Your skin changes colour to match your surroundings (Stealth+).
Your rubbery body absorbs attacks. (AC +1, EV +1)
((You are camouflaged when in or above water. (Stealth+)))
You have tentacles for arms and can constrict up to eight enemies at once.


Message History

The wraith hits you! The wraith closely misses you.
You hit the wraith but do no damage. You squeeze the wraith!
The wraith is severely damaged.
The wraith misses you. The wraith completely misses you. The wraith hits you.
The wraith drains your vigour!
You feel as though you will be slow longer.
You block the wraith's attack.
You hit the wraith. Your squeeze misses the wraith.
The wraith is heavily damaged.
The wraith hits you! The wraith completely misses you. The wraith hits you!
The wraith hits you.
* * * LOW HITPOINT WARNING * * *
The wraith drains your vigour!
You feel as though you will be slow longer.
Casting: Call Canine Familiar (safe; 1% risk of failure)
Confirm with . or Enter, or press ? or * to list all spells.
A guardian golem appears, shielding your allies.
The wraith misses you. You block the wraith's attack.
The wraith completely misses you. The wraith barely misses you.
The wraith hits you!
* * * LOW HITPOINT WARNING * * *
The wraith hits your guardian golem! The wraith hits your guardian golem.
The wraith drains your guardian golem's vigour!
Your guardian golem seems to slow down.
The wraith hits your guardian golem!
The wraith barely misses your guardian golem.
The wraith hits your guardian golem.
The wraith hits your guardian golem but does no damage.
Casting: Summon Guardian Golem (mildly dangerous; 2% risk of failure)
Confirm with . or Enter, or press ? or * to list all spells.
The wraith hits your guardian golem!
Your guardian golem is destroyed!
Your guardian golem disappears in a puff of smoke!
Casting: Call Canine Familiar (safe; 1% risk of failure)
Confirm with . or Enter, or press ? or * to list all spells.
A guardian golem appears, shielding your allies.
The wraith closely misses your hound.
Your hound closely misses the wraith.
The wraith hits you!
You die...
Your body crumbles into a pile of gold.

#...##.?........... #.
#...##............. ##.
#...##............. ....
#..................
.....#..................
.....#.?W...............
........h#..............
+##.9.W.#..............
$ #.#.@.#.........###..
# #...#.........# #..
#...#.........# #..
#...#.........# #..
#...#.........# #..
#...#.........# #..
#...#.........# #..
#...# ........# #.. #..


You could see 2 wraiths, a friendly guardian golem (summoned) and a friendly
hound (summoned, sheltered).

Vanquished Creatures
  A two-headed ogre (D:9)
  A shadow (D:9)
  2 yaks
  2 water moccasins (D:9)
  2 orc warriors
  3 black bears
  An ice beast (D:7)
  3 centaurs
  2 phantoms (D:6)
  A kobold brigand (D:8)
  2 bullfrogs
  2 scorpions
  A howler monkey (D:6)
  3 killer bees
  2 vampire bats (D:4)
  2 jellies
  2 hounds
  3 iguanas
  4 orc wizards
  Robin (D:4)
  8 gnolls
  7 adders
  A shadow imp (D:7)
  An ufetubus (D:7)
  3 dart slugs
  16 orcs
  5 ball pythons
  2 bat skeletons (D:4)
  3 bat zombies (D:4)
  6 endoplasms
  2 giant cockroaches
  21 goblins
  6 hobgoblins
  5 quokkas
  7 bats
  5 frilled lizards
  16 kobolds
  7 rats
161 creatures vanquished.

Vanquished Creatures (collateral kills)
  A water moccasin (D:8)
  An orc warrior (D:9)
  A black bear (D:9)
  2 bullfrogs (D:9)
  A killer bee (D:9)
  An orc wizard (D:9)
  A gnoll (D:8)
  13 orcs
  A goblin (Bailey)
  2 hobgoblins (Bailey)
  7 kobolds (Bailey)
31 creatures vanquished.

Vanquished Creatures (others)
  An orc warlord (Bailey)
  6 yaks (D:9)
  An acid dragon (D:9)
  A water moccasin (D:8)
  Duvessa (D:6)
  2 ice beasts (D:8)
  3 orc warriors (Bailey)
  2 black bears (D:9)
  A bullfrog (D:8)
  A gnoll sergeant (D:8)
  Dowan (D:6)
  5 killer bees
  A jelly (D:8)
  2 gnolls (D:8)
  42 fungi (D:9)
  52 plants
122 creatures vanquished.

Grand Total: 314 creatures vanquished

Notes
Turn   | Place    | Note
-------+----------+-------------------------------------------
     0 | D:5      | croobank the Octopode Delver began the quest for the Orb.
     0 | D:5      | Reached XP level 1. HP: 16/16 MP: 1/1
     1 | D:6      | Noticed a phantom
    11 | D:5      | Noticed an iguana
   266 | D:3      | Found Dusoir's Antique Armour Boutique.
   297 | D:3      | Reached XP level 2. HP: 21/21 MP: 2/2
   812 | D:2      | Found a faded altar of an unknown god.
   840 | D:2      | Reached skill level 7 in Stealth
   840 | D:2      | Reached XP level 3. HP: 15/26 MP: 3/3
  1163 | D:1      | Reached XP level 4. HP: 31/31 MP: 4/4
  2286 | D:3      | Reached XP level 5. HP: 21/37 MP: 5/5
  3704 | D:4      | Noticed Robin
  3825 | D:4      | Reached XP level 6. HP: 37/43 MP: 6/6
  3922 | D:4      | Killed Robin
  4011 | D:4      | Reached skill level 8 in Stealth
  4199 | D:4      | Noticed a black bear
  4208 | D:4      | Killed a black bear
  4407 | D:4      | Found a basalt altar of Yredelemnul.
  4438 | D:4      | Found a snail-covered altar of Cheibriados.
  4520 | D:4      | Found an ancient bone altar of Kikubaaqudgha.
  4533 | D:4      | Reached XP level 7. HP: 40/49 MP: 7/7
  4959 | D:5      | Reached skill level 1 in Summonings
  5012 | D:5      | Identified the +3 scale mail "Nazubob" {rPois Int-4 Dex+3}
  5025 | D:5      | Found a broken altar of Ashenzari.
  5446 | D:5      | Reached skill level 1 in Spellcasting
  5653 | D:6      | Reached skill level 1 in Hexes
  5687 | D:6      | Found Ytaemof's General Store.
  5697 | D:6      | Bought a potion of heal wounds for 55 gold pieces
  5697 | D:6      | Bought a scroll of identify for 22 gold pieces
  5844 | D:6      | Learned a level 3 spell: Summon Guardian Golem
  5913 | D:6      | Reached XP level 8. HP: 26/54 MP: 9/11
  6150 | D:6      | Found a stormy altar of Qazlal.
  6176 | D:6      | Found Xah Qacs's General Store.
  6182 | D:6      | Bought a scroll of teleportation for 33 gold pieces
  6182 | D:6      | Bought a scroll of fear for 44 gold pieces
  6182 | D:6      | Bought a potion of might for 44 gold pieces
  6267 | D:6      | Noticed Duvessa
  6273 | D:6      | Learned a level 3 spell: Call Canine Familiar
  6277 | D:6      | Noticed Dowan
  6293 | D:6      | Killed Duvessa
  6293 | D:6      | Killed Dowan
  6294 | D:6      | Reached skill level 5 in Fighting
  6876 | D:6      | Found Xesuzich's Jewellery Emporium.
  7068 | D:6      | Found a staircase to the Ecumenical Temple.
  7074 | Temple   | Entered the Ecumenical Temple
  7140 | Temple   | Became a worshipper of Gozag Ym Sagoz the Greedy
  7226 | D:6      | Bought a scroll of identify for 22 gold pieces
  7576 | D:7      | Reached skill level 9 in Stealth
  7831 | D:7      | Found a flagged portal.
  7865 | Bailey   | Entered a bailey
  7964 | Bailey   | Noticed an orc warlord
  8071 | Bailey   | Reached XP level 9. HP: 61/61 MP: 1/14
  8218 | Bailey   | Found a runed translucent gate.
  8220 | Bailey   | Found a runed translucent gate.
  8222 | Bailey   | Found a runed translucent gate.
  8397 | Bailey   | Reached skill level 5 in Dodging
  8610 | Bailey   | Killed an orc warlord
  8611 | Bailey   | Reached skill level 5 in Axes
  8765 | Bailey   | Identified the +1 falchion of Unpleasantness {venom, Str+3
                  | Dex+3}
  9011 | D:6      | Bought a scroll of identify for 22 gold pieces
  9011 | D:6      | Bought a wand of roots (5) for 132 gold pieces
  9011 | D:6      | Bought a scroll of teleportation for 33 gold pieces
  9219 | D:7      | Found Hisau's Distillery.
  9224 | D:7      | Bought a potion of curing for 39 gold pieces
  9437 | D:8      | Reached skill level 5 in Summonings
  9890 | D:8      | Reached skill level 10 in Stealth
 10007 | D:8      | Reached XP level 10. HP: 68/68 MP: 5/17
 10578 | D:8      | Found a glowing silver altar of Zin.
 10706 | D:8      | Reached skill level 5 in Spellcasting
 10978 | D:6      | Bought a +4 ring of evasion for 396 gold pieces
 11203 | D:9      | Noticed a two-headed ogre
 11224 | D:9      | Killed a two-headed ogre
 11579 | D:9      | Found a staircase to the Orcish Mines.
 11701 | D:10     | Entered Level 10 of the Dungeon
 11848 | D:9      | Found a staircase to the Lair.
 11993 | D:9      | Reached skill level 11 in Stealth
 12035 | D:9      | Reached skill level 5 in Hexes
 12035 | D:9      | Reached XP level 11. HP: 57/75 MP: 16/19
 12703 | D:10     | Found a runed translucent door.
 12715 | D:10     | Slain by a wraith

Illustrated notes

Levels and vault maps discovered:
D:1:      denvon_arrival_waterhouse, layout_basic
D:2:      layout_basic, hellmonk_ecumenical_altar_inner_sanctum,
          minmay_pentomino_o2
D:3:      corexii_shack_village, layout_basic, serial_shops,
          nicolae_shop_overgrown_old_shop, kennysheep_generic_room_10
D:4:      layout_layer_cave, kennysheep_vampire_church,
          mainiacjoe_overflow_two_lobes, minmay_small_thing, uniq_robin
D:5:      layout_cave_pools, lemuel_round_altar, eino_curves_01
D:6:      layout_loops_ring, nicolae_qazlal_eye_of_the_storm,
          minmay_temple_entry_fiery, serial_shops, shop,
          nicolae_take_the_stairs, nicolae_shop_waterfront, uniq_duvessa
D:7:      layout_basic, serial_shops, nicolae_shop_statue_plus,
          lightli_bailey_entry_fortress
D:8:      minmay_evil_eye, layout_loops_ring, lemuel_crystal_altar,
          grunt_ministairs_12
D:9:      layout_irregular_city, due_lair_maze_entry_diamond, david_orc_2,
          kennysheep_generic_room_4
D:10:     layout_long_grid, special_room [special_room_kobold], serial_shops,
          shop, gammafunk_ghost_grave, chequers_serial_rivers_room_b,
          uniq_josephine
Temple:   eino_temple_rhombus

Skill      XL: |  1  2  3  4  5  6  7  8  9 10 |
---------------+-------------------------------+-----
Stealth        | 7 8 9 10 11 | 11.2
Dodging        | 3 4 5 6 |  6.6
Axes           | 3 4 5 6 |  6.7
Fighting       | 4 5 6 7 |  7.1
Summonings     | 2 3 5 6 |  6.4
Spellcasting   | 2 3 4 5 |  5.8
Hexes          | 1 2 3 5 |  5.1

Action                   |  1- 3 |  4- 6 |  7- 9 | 10-12 || total
-------------------------+-------+-------+-------+-------++-------
Melee: Hand axe          |    53 |   131 |   122 |    10 ||   316
       Tentacles         |    10 |    32 |    35 |    19 ||    96
       Constrict         |     9 |    39 |    25 |    14 ||    87
       Punch             |       |     1 |     4 |       ||     5
       Falchion          |       |       |       |    69 ||    69
Throw: Dart              |       |     6 |     7 |       ||    13
 Cast: Call Canine Famil |       |       |    22 |    20 ||    42
       Summon Guardian G |       |       |    17 |    18 ||    35
Evoke: Wand              |       |       |     2 |     1 ||     3
  Use: Scroll            |     1 |    12 |    11 |     1 ||    25
       Potion            |       |     1 |       |     4 ||     5
 Stab: Sleeping          |    10 |    25 |     7 |     1 ||    43
       Distracted        |     1 |     1 |     3 |     3 ||     8
       Paralysed         |       |       |     5 |       ||     5
Armor: Skin              |     7 |    12 |     5 |     3 ||    27
Dodge: Dodged            |    34 |    88 |    94 |    81 ||   297
Block: Other             |       |    11 |    29 |    20 ||    60
       Reflection        |       |       |     4 |     2 ||     6
